 Dungeon Crawl Stone Soup version 0.31-a0-986-g5e6e4ef867 (webtiles) character file.

Game seed: 17538322817418945388

2 croobank the Firebug (level 1, -2/11 HPs)
             Began as an Octopode Fire Elementalist on Nov 3, 2023.
             Killed from afar by a dart slug (5 damage)
             ... with a slug dart
             ... on level 1 of the Dungeon.
             The game lasted 00:01:01 (380 turns).

croobank the Firebug (Octopode Fire Elementalist)    Turns: 380, Time: 00:01:02

Health: -2/11      AC:  1    Str:  7    XL:     1   Next: 40%
Magic:  0/3        EV: 13    Int: 17    God:
Gold:   9          SH:  0    Dex: 12    Spells: 3/4 levels left

rFire   . . .        c - +0 dagger
rCold   . . .        (no shield)
rNeg    . . .        (helmet restricted)
rPois   .            (no amulet)
rElec   .            (no ring)
rCorr   .            (no ring)
SInv    .            (no ring)
Will    .....        (no ring)
Stlth   +++          (no ring)
HPRegen 0.21/turn    (no ring)
MPRegen 0.08/turn    (no ring)
                     (no ring)

%: no passive effects
@: very slightly contaminated
A: almost no armour, amphibious, 8 rings, camouflage 1, gelatinous body 1,
(nimble swimmer 1), tentacles
a: no special abilities


You were on level 1 of the Dungeon.
You visited 1 branch of the dungeon, and saw 1 of its levels.

You collected 9 gold pieces.

Inventory:

Hand Weapons
 c - a +0 dagger (weapon)
Scrolls
 b - a scroll of poison {unknown}
 d - a scroll of revelation {unknown}
Potions
 a - a potion of magic


   Skills:
 + Level 2.0 Dodging
 + Level 2.8 Stealth
 + Level 2.0 Spellcasting
 + Level 1.0 Conjurations
 + Level 3.0 Fire Magic


You had 3 spell levels left.
You knew the following spells:

 Your Spells              Type           Power      Damage    Failure   Level
a - Foxfire               Conj/Fire      32%        2x1d5     9%          1

Your spell library contained the following spells:

 Spells                   Type           Power      Damage    Failure   Level
 Scorch                   Fire           24%        2d6       9%          2
 Inner Flame              Hex/Fire       6%         N/A       30%         3
 Volatile Blastmotes      Fire/Tloc      12%        2d11      30%         3
 Flame Wave               Conj/Fire      8%         2d5       63%         4


Dungeon Overview and Level Annotations

Branches:
Dungeon (1/15)

Altars:


Innate Abilities, Weirdness & Mutations

You cannot wear most types of armour.
You are amphibious.
You can wear up to eight rings at the same time.
Your skin changes colour to match your surroundings (Stealth+).
Your rubbery body absorbs attacks. (AC +1, EV +1)
((You are camouflaged when in or above water. (Stealth+)))
You have tentacles for arms and can constrict up to eight enemies at once.


Message History

Confirm with . or Enter, or press ? or * to list all spells.
You conjure some foxfire!
The foxfire hits the goblin.
The goblin is moderately wounded.
The foxfire hits the goblin.
You kill the goblin!
You start resting.
Magic restored.
Things that are here:
a +0 dagger; a goblin corpse You open the door.
There is an open door here.
You now have 9 gold pieces.
d - a scroll labelled ECAKIMU RIYN No target in view!
Found a robe.
A dart slug comes into view.
Casting: Foxfire (safe; 9% risk of failure)
Confirm with . or Enter, or press ? or * to list all spells.
You conjure some foxfire!
Casting: Foxfire (safe; 9% risk of failure)
Confirm with . or Enter, or press ? or * to list all spells.
You miscast Foxfire.
You are very lightly contaminated with residual magic.
Nothing appears to happen.
The foxfire hits the dart slug.
The dart slug is heavily wounded.
The foxfire hits the dart slug.
The dart slug is almost dead.
The dart slug launches a dart at you. The slug dart hits you.
The dart slug launches a dart at you. The slug dart hits you.
* * * LOW HITPOINT WARNING * * *
Casting: Foxfire (safe; 9% risk of failure)
Confirm with . or Enter, or press ? or * to list all spells.
You conjure some foxfire!
The dart slug launches a dart at you. The slug dart hits you.
You die...

#...#.##..#.##.......####.
##....#.....#....#.#.##...
#....####..#................
+.... ....##.##...#.#....##
####. .............######
#.####.##.........#######
.#.....................#
.......§...............'
#.###§@........#......#
.....§§§...............#
.[.v§§...#.............#
....§....#.............#
...v.....#..............
w...............##.#####
........................
.#.................###..
.#######.....##.#.......


You could see a dart slug (ally target).

Vanquished Creatures
  2 goblins (D:1)
  A ball python (D:1)
3 creatures vanquished.

Vanquished Creatures (others)
  13 foxfires (D:1)
13 creatures vanquished.

Grand Total: 16 creatures vanquished

Notes
Turn   | Place    | Note
-------+----------+-------------------------------------------
     0 | D:1      | croobank the Octopode Fire Elementalist began the quest for
                  | the Orb.
     0 | D:1      | Reached XP level 1. HP: 11/11 MP: 3/3
   380 | D:1      | Killed from afar by a dart slug

Illustrated notes

Levels and vault maps discovered:
D:1:      nagdon_arrival_double_spiral, layout_basic,
          shapermc_ecumenical_altar_acropolis, hangedman_decor_points,
          minmay_tetromino_i2

Action                     || total
---------------------------++-------
   Cast: Foxfire           ||     8
 Armour: Skin              ||     3

Table legend: (Time is in decaauts)
 A = Elapsed time spent in this place.
 B = Non-inter-level travel time spent in this place.
 C = Inter-level travel time spent in this place.
 D = Time resting spent in this place.
 E = Time spent auto-exploring this place.
 F = Levels seen in this place.
 G = Mean time per level.
                   A        B        C        D        E       F      G
               +--------+--------+--------+--------+--------+-----+--------+
         Total |    379 |    349 |     30 |     41 |    266 |   1 |  379.0 |
       Dungeon |    379 |    349 |     30 |     41 |    266 |   1 |  379.0 |
               +--------+--------+--------+--------+--------+-----+--------+

Top non-repeatable levels by time:
     D:1: 379 daAuts
